 Dungeon Crawl Stone Soup version 0.23.2-33-g5129a83184 (webtiles) character file.

Game seed: 10695704646856624312

242 Derp the Shield-Bearer (level 5, -6/49 HPs)
             Began as a Deep Dwarf Fighter on July 21, 2019.
             Was a Follower of the Shining One.
             Mangled by an ogre
             ... wielding a +0 giant club
              (16 damage)
             ... on level 4 of the Dungeon.
             The game lasted 00:05:10 (2055 turns).

Derp the Shield-Bearer (Deep Dwarf Fighter)         Turns: 2055, Time: 00:05:10

Health: -6/49      AC:  9    Str: 19    XL:     5   Next: 81%
Magic:  4/4        EV:  5    Int: 10    God:    the Shining One [*.....]
Gold:   66         SH: 10    Dex: 12    Spells: 4/4 levels left

rFire    . . .     SeeInvis .   a - +0 long sword
rCold    . . .     Gourm    .   c - +0 shield
rNeg     . . .     Faith    .   m - +0 chain mail
rPois    .         Spirit   .   (no helmet)
rElec    .         Reflect  .   (no cloak)
rCorr    .         Harm     .   (no gloves)
MR       .....                  (no boots)
Stlth    ..........             (no amulet)
HPRegen  0.00/turn              i - ring of stealth
MPRegen  0.09/turn              (no ring)

@: non-regenerating, glowing
A: damage resistance, heal wounds, sense surroundings 1, no regeneration
a: Heal Wounds, Renounce Religion


You were on level 4 of the Dungeon.
You worshipped the Shining One.
The Shining One was aware of your devotion.
You were not hungry.

You visited 1 branch of the dungeon, and saw 4 of its levels.

You collected 66 gold pieces.

Inventory:

Hand Weapons
 a - a +0 long sword (weapon)
Armour
 b - a +0 scale mail
 c - a +0 shield (worn)
 m - a +0 chain mail (worn)
Jewellery
 i - a ring of stealth (left hand)
 u - an uncursed ring of flight {unknown}
Scrolls
 g - 2 scrolls of remove curse {unknown}
 j - 3 scrolls of identify {unknown}
 l - a scroll of enchant weapon {unknown}
 n - a scroll of enchant armour {unknown}
 p - a scroll of teleportation {unknown}
 r - a scroll of magic mapping {unknown}
 s - a scroll of amnesia {unknown}
Potions
 d - 2 potions of might
 e - a potion of haste {unknown}
 h - a potion of brilliance {unknown}
 k - 2 potions of flight {unknown}
 o - a potion of berserk rage {unknown}
 q - a potion of curing {unknown}
 t - a potion of lignification {unknown}
Comestibles
 f - 3 rations


   Skills:
 + Level 3.1 Fighting
 + Level 4.2 Long Blades
 + Level 4.0 Armour
 + Level 0.3 Dodging
 + Level 5.0 Shields


You had 4 spell levels left.
You didn't know any spells.
Your spell library was empty.

Dungeon Overview and Level Annotations

Branches:
Dungeon (4/15)
 Temple: D:4-7

Altars:
Kikubaaqudgha
Nemelex Xobeh
Vehumet
Yredelemnul
Zin
The Shining One


Innate Abilities, Weirdness & Mutations

You are resistant to damage.
You can heal yourself by infusing magical energy.
You passively map a small area around you.
You do not regenerate.


Message History

You block the hound's attack. You block the ogre's attack.
The giant cockroach bites you but does no damage.
The hound bites you but does no damage.
The giant cockroach bites you but does no damage.
You completely miss the hound.
The hound is almost dead.
The hound bites you but does no damage. The ogre hits you with a +0 giant club.
The giant cockroach barely misses you.
You riposte.
You hit the giant cockroach.
You kill the giant cockroach!
Your Armour skill increases to level 4!
The hound barely misses you.
You slash the hound!
You kill the hound!
Your Shields skill increases to level 5!
The ogre hits you with a +0 giant club!!
* * * LOW HITPOINT WARNING * * *
You are too injured to fight recklessly!
The ogre hits you with a +0 giant club!
You die...

* ...... * * ,
..... , , .... *,
, .. ...,, , , *
...##..*
,*###....#####.#.
.......†O...... ,
, , #@†..# * , *,
##....... *
......., .......
, , * ....... , ,
.!..##. * , ,,
..#.. , * ,
...... ,


You could see an ogre.

Vanquished Creatures
  2 hounds
  7 adders
  2 oozes (D:2)
  2 worms (D:2)
  4 dart slugs
  2 leopard geckos
  3 orcs (D:3)
  10 bats
  8 giant cockroaches
  10 goblins
  10 hobgoblins
  2 jackals (D:2)
  10 kobolds
  6 frilled lizards
  9 rats
  A spectral orc (D:2)
88 creatures vanquished.

Notes
Turn   | Place    | Note
-------+----------+-------------------------------------------
     0 | D:1      | Derp the Deep Dwarf Fighter began the quest for the Orb.
     0 | D:1      | Reached XP level 1. HP: 20/20 MP: 1/1
   137 | D:1      | Reached XP level 2. HP: 24/27 MP: 2/2
   318 | D:1      | Reached XP level 3. HP: 8/33 MP: 3/3
   699 | D:2      | Found a radiant altar of Vehumet.
   699 | D:2      | Found a glowing golden altar of the Shining One.
   761 | D:2      | Became a worshipper of the Shining One
   796 | D:2      | Reached skill level 4 in Shields
   796 | D:2      | Reached XP level 4. HP: 18/42 MP: 4/4
   817 | D:2      | Found a glowing silver altar of Zin.
  1232 | D:2      | Found a basalt altar of Yredelemnul.
  1322 | D:2      | Reached XP level 5. HP: 46/49 MP: 4/4
  1458 | D:3      | Found a sparkling altar of Nemelex Xobeh.
  1690 | D:3      | Found an ancient bone altar of Kikubaaqudgha.
  1875 | D:3      | Reached * piety under the Shining One
  2047 | D:4      | Noticed an ogre
  2054 | D:4      | Reached skill level 5 in Shields
  2055 | D:4      | Mangled by an ogre

Skill      XL: |  1  2  3  4  5 |
---------------+----------------+-----
Fighting       | 3 |  3.1
Long Blades    | 3 4 |  4.2
Shields        | 4 5 |  5.0
Armour         | 4 |  4.0
Dodging        | |  0.3

Action                   |  1- 3 |  4- 6 || total
-------------------------+-------+-------++-------
Melee: Long sword        |   108 |   171 ||   279
 Abil: Heal Wounds       |     1 |     1 ||     2
  Eat: Chunk             |       |     4 ||     4
Armor: Scale mail        |    45 |     4 ||    49
       Chain mail        |       |    93 ||    93
Dodge: Dodged            |    30 |    46 ||    76
Block: Shield            |    66 |    91 ||   157
       Rpst.: Long sword |     9 |    10 ||    19
